 Dungeon Crawl Stone Soup version 0.30-a0-840-ga523dec638 (webtiles) character file.

Game seed: 16365210795736390970

57 cforsyth the Sneak (level 4, 0/27 HPs)
             Began as a Kobold Brigand on Mar 2, 2023.
             Slain by a gnoll
             ... wielding a +0 whip
              (6 damage)
             ... on level 2 of the Dungeon.
             The game lasted 00:01:02 (1147 turns).

cforsyth the Sneak (Kobold Brigand)                 Turns: 1147, Time: 00:01:02

Health: 0/27       AC:  3    Str:  8    XL:     4   Next: 18%
Magic:  4/4        EV: 15    Int: 12    God:
Gold:   54         SH:  0    Dex: 18    Spells: 3/3 levels left

rFire   . . .      SeeInvis .    a - +2 dagger
rCold   . . .      Faith    .    (no shield)
rNeg    . . .      Spirit   .    b - +0 robe
rPois   .          Reflect  .    (no helmet)
rElec   .          Harm     .    c - +0 cloak
rCorr   .          Rampage  .    (no gloves)
Will    .....                    (no boots)
Stlth   ++++                     (no amulet)
HPRegen 0.24/turn                (no ring)
MPRegen 0.09/turn                (no ring)

@: no status effects
A: small, no large weapons, nightstalker 3
a: no special abilities


You were on level 2 of the Dungeon.
You visited 1 branch of the dungeon, and saw 2 of its levels.

You collected 54 gold pieces.

Inventory:

Hand Weapons
 a - a +2 dagger (weapon)
Missiles
 d - 11 poisoned darts (quivered)
 e - 3 curare-tipped darts
Armour
 b - a +0 robe (worn)
 c - a +0 cloak (worn)
Jewellery
 g - a ring of protection from cold
 h - an amulet of guardian spirit
Scrolls
 f - 3 scrolls of fear {unknown}
 j - a scroll of magic mapping {unknown}
Potions
 i - a potion of brilliance {unknown}


   Skills:
 + Level 2.9 Fighting
 + Level 3.6 Short Blades
 - Level 2.1 Throwing
 + Level 2.4 Dodging
 + Level 5.9 Stealth


You had 3 spell levels left.
You didn't know any spells.
Your spell library was empty.

Dungeon Overview and Level Annotations

Branches:
Dungeon (2/15)

Altars:


Innate Abilities, Weirdness & Mutations

You are small and have problems with some larger weapons.
You are completely attuned to the shadows.


Message History

A gnoll is nearby!
A gnoll is nearby! 2 gnolls come into view.
The helpless gnoll fails to defend itself.
You impale the gnoll!!
You kill the gnoll!
The gnoll shouts! x2
You have reached level 4!
You barely miss the gnoll. You hit the gnoll.
The gnoll is lightly wounded.
The gnoll barely misses you.
You barely miss the gnoll.
The gnoll is lightly wounded.
The gnoll hits you with a +0 whip.
The gnoll hits you from afar with a +0 spear.
You barely miss the gnoll.
The gnoll is lightly wounded.
The gnoll hits you from afar with a +0 spear.
The gnoll closely misses you.
You closely miss the gnoll.
The gnoll is lightly wounded.
The gnoll misses you. x2
You closely miss the gnoll.
The gnoll is lightly wounded.
The gnoll barely misses you.
The gnoll hits you from afar with a +0 spear!
* * * LOW HITPOINT WARNING * * *
You are too injured to fight recklessly!
You are too injured to fight recklessly!
You are too injured to fight recklessly!
You are too injured to fight recklessly!
You are too injured to fight recklessly!
You are too injured to fight recklessly!
You are too injured to fight recklessly!
You are too injured to fight recklessly!
You hit the gnoll but do no damage.
The gnoll is lightly wounded.
The gnoll hits you with a +0 whip.
You die...

.....##.......#†# ##..
......#.##...##.###
...... ....
#......##...## #.....
..###...####..######.....
#.....................)..
#######.#####....###.....
................#.....
..g..g..........#.....
...).@................
########.......#.#####
........# # ........## #
......†..# #
.......#.####
######.....## ####..##
#....


You could see 2 gnolls.

Vanquished Creatures
  A gnoll (D:2)
  A worm (D:2)
  2 dart slugs
  2 endoplasms (D:1)
  2 giant cockroaches
  5 goblins
  5 hobgoblins
  3 jackals (D:2)
  3 kobolds
  2 quokkas
  3 ball pythons
  3 bats
  2 frilled lizards (D:1)
  A rat (D:1)
35 creatures vanquished.

Notes
Turn   | Place    | Note
-------+----------+-------------------------------------------
     0 | D:1      | cforsyth the Kobold Brigand began the quest for the Orb.
     0 | D:1      | Reached XP level 1. HP: 12/12 MP: 1/1
   171 | D:1      | Reached XP level 2. HP: 15/18 MP: 2/2
   443 | D:1      | Reached XP level 3. HP: 21/22 MP: 3/3
  1140 | D:2      | Reached XP level 4. HP: 27/27 MP: 4/4
  1147 | D:2      | Slain by a gnoll

Illustrated notes

Levels and vault maps discovered:
D:1:      saegor_arrival_simple_e, layout_loops_ring, st_stairs_11,
          kennysheep_flooded_box
D:2:      layout_basic

Skill      XL: |  1  2  3 |
---------------+----------+-----
Short Blades   | 3 |  3.6
Dodging        | 2 |  2.4
Fighting       | |  2.9
Throwing       | |  2.1
Stealth        | |  5.9

Action                     |  1- 3 |  4- 6 || total
---------------------------+-------+-------++-------
  Melee: Dagger            |   106 |     7 ||   113
         Punch             |     3 |       ||     3
   Stab: Sleeping          |    12 |       ||    12
 Armour: Robe              |    19 |       ||    19
  Dodge: Dodged            |    72 |     5 ||    77

Table legend: (Time is in decaauts)
 A = Elapsed time spent in this place.
 B = Non-inter-level travel time spent in this place.
 C = Inter-level travel time spent in this place.
 D = Time resting spent in this place.
 E = Time spent auto-exploring this place.
 F = Levels seen in this place.
 G = Mean time per level.
                   A        B        C        D        E       F      G
               +--------+--------+--------+--------+--------+-----+--------+
         Total |   1128 |   1087 |     41 |      0 |    894 |   2 |  564.0 |
       Dungeon |   1128 |   1087 |     41 |      0 |    894 |   2 |  564.0 |
               +--------+--------+--------+--------+--------+-----+--------+

Top non-repeatable levels by time:
     D:1: 829 daAuts
     D:2: 299 daAuts
